 Dungeon Crawl Stone Soup version 0.25-a0-670-g50981ef59b (webtiles) character file.

Game seed: 15212579808636460155, levelgen mode: deterministic

85 sanka the Scratcher (level 4, 19/19 HPs)
             Began as a Felid Wanderer on Mar 29, 2020.
             Quit the game on level 3 of the Dungeon.
             The game lasted 00:02:37 (2816 turns).

sanka the Scratcher (Felid Wanderer)                Turns: 2816, Time: 00:02:37

Health: 19/19      AC:  1    Str: 10    XL:     4   Next: 25%
Magic:  5/5        EV: 19    Int: 10    God:
Gold:   113        SH:  0    Dex: 18    Spells: 3/3 levels left
                                        Lives:  0   Deaths: 1

rFire    . . .     SeeInvis +     - Unarmed
rCold    . . .     Gourm    .   (shield unavailable)
rNeg     . . .     Faith    .   (armour unavailable)
rPois    .         Spirit   .   (helmet unavailable)
rElec    .         Reflect  .   (cloak unavailable)
rCorr    .         Harm     .   (gloves unavailable)
MR       .....                  (boots unavailable)
Stlth    +++.......             (no amulet)
HPRegen  0.06/turn              (no ring)
MPRegen  0.09/turn              (no ring)

@: quick
A: very small, no armour, no weapons or thrown items, stealth, claws 1, fangs 3,
see invisible, carnivore, speed 1, shaggy fur 1, slow metabolism 1, sharp paws
a: no special abilities


You were on level 3 of the Dungeon.
You were not hungry.

You visited 1 branch of the dungeon, and saw 3 of its levels.

You collected 113 gold pieces.


Innate Abilities, Weirdness & Mutations

You cannot wear armour.
You are incapable of wielding weapons or throwing items.
Your paws allow you to move quietly. (Stealth)
You have sharp claws.
You have razor-sharp teeth.
You have supernaturally acute eyesight. (SInv)
You are carnivorous and can eat meat at any time.
You cover ground quickly.
You are covered in fur. (AC +1)
You have a slow metabolism.
Your sharp claws are effective at attacking unaware monsters.


   Skills:
 - Level 2.0 Fighting
 - Level 4.0 Dodging
 - Level 2.6 Stealth
 + Level 5.5 Unarmed Combat
   Level 1.1 Evocations


You had 3 spell levels left.
You didn't know any spells.
Your spell library was empty.

Inventory:

Scrolls
 a - 3 scrolls of fear
 d - 2 scrolls of teleportation {@r4}
 e - 2 scrolls of identify {unknown}
 g - a scroll of fog {unknown}
 i - 3 scrolls of amnesia {unknown}
 k - 2 scrolls of remove curse {unknown}
 m - a scroll of enchant weapon {unknown}
 n - a scroll of immolation {unknown}
Potions
 b - a potion of haste {@q3}
 c - a potion of curing {@q1}
 h - a potion of cancellation {unknown}
 j - 2 potions of might {unknown}
 l - a potion of invisibility {unknown}
 o - a potion of lignification {unknown}
Comestibles
 f - 5 rations
 p - 5 chunks of flesh

Dungeon Overview and Level Annotations

Branches:
Dungeon (3/15)

Altars:
Qazlal

▒▒▒▒▒▒▒▒▒▒
▒.....h..▒
..........▒
▒▒...?....▒
▒▒▒..▒▒▒▒▒
▒..▒ ▒▒▒
▒.▒ ... ▒.
▒▒.▒ ▒ ...▒


There were no monsters in sight!


Message History

No target in view!
Unknown command.
Found a stone staircase leading down.
You see here an adder corpse.
p - 5 chunks of flesh (gained 1)
You see here an adder skeleton.
You see here an adder skeleton.
Found 4 gold pieces.
You now have 113 gold pieces (gained 4).
Found a stone staircase leading up.
Found a ration.
An orc priest comes into view. It is wielding a +0 mace.
An orc priest is nearby! 3 orcs come into view.
The orc shouts!
The orc shouts!
The orc priest invokes the aid of Beogh against you.
Pain shoots through your body!
Ouch! That really hurt!
* * * LOW HITPOINT WARNING * * *
The orc priest mumbles some strange prayers to Beogh against you.
Beogh smites you!
Ouch! That really hurt!
You die...
You are now level 4!
You rejoin the land of the living...
Found a scroll of fear.
Unknown command.
Unknown command.
Are you sure you want to abandon this character and quit the game? (Confirm with "yes".)

Action                   |  1- 3 |  4- 6 || total
-------------------------+-------+-------++-------
Melee: Unarmed           |    67 |    83 ||   150
       Bite              |     8 |     8 ||    16
       Punch             |     2 |     1 ||     3
 Stab: Distracted        |     2 |       ||     2
       Sleeping          |     1 |     8 ||     9
  Eat: Chunk             |     8 |     3 ||    11
Armor: Skin              |     3 |     6 ||     9
Dodge: Dodged            |    47 |    64 ||   111

Levels and vault maps discovered:
D:1:      matt_arrival_los_fun, layout_loops_ring, minmay_tromino_v7
D:2:      layout_basic, nicolae_qazlal_style_of_elements, first_ration,
          serial_bayou_lagoon_a, minmay_misc_feat_rows, interstate_on_off,
          uniq_terence, uniq_crazy_yiuf_cottage
D:3:      layout_rooms, nrook_uturn, hangedman_decor_slide_cut

Notes
Turn   | Place    | Note
-------+----------+-------------------------------------------
     0 | D:1      | sanka the Felid Wanderer began the quest for the Orb.
     0 | D:1      | sanka set off with the following items: a scroll of fear, a
                  | potion of haste {@q3}, a potion of curing {@q1}, a scroll
                  | of teleportation {@r4}, a ration
     0 | D:1      | Reached XP level 1. HP: 9/9 MP: 2/2
   343 | D:1      | Reached XP level 2. HP: 13/13 MP: 3/3
   379 | D:1      | Reached skill level 3 in Unarmed Combat
  1227 | D:2      | Reached XP level 3. HP: 16/16 MP: 4/4
  1325 | D:2      | Found a stormy altar of Qazlal.
  1326 | D:2      | Noticed Terence
  1327 | D:2      | Noticed a water elemental
  1328 | D:2      | Noticed an earth elemental
  1328 | D:2      | Noticed an air elemental
  1328 | D:2      | Noticed a fire elemental
  1335 | D:2      | Killed Terence
  1335 | D:2      | Reached skill level 4 in Unarmed Combat
  1342 | D:2      | Reached XP level 4. HP: 12/19 MP: 5/5
  2121 | D:2      | Found a runed translucent door.
  2122 | D:2      | Noticed Crazy Yiuf
  2129 | D:2      | Killed Crazy Yiuf
  2129 | D:2      | Reached skill level 5 in Unarmed Combat
  2436 | D:3      | Reached XP level 5. HP: 8/22 MP: 6/6
  2815 | D:3      | Killed from afar by an orc priest
  2816 | D:3      | Reached XP level 4. HP: -7/19 MP: 5/5
  2816 | D:3      | Quit the game

Vanquished Creatures
  Crazy Yiuf (D:2)
  Terence (D:2)
  5 adders
  3 oozes
  A worm (D:2)
  3 dart slugs (D:2)
  3 leopard geckos
  An orc (D:3)
  2 bats (D:2)
  A giant cockroach (D:3)
  4 goblins
  6 hobgoblins
  3 jackals (D:2)
  5 kobolds
  A quokka (D:2)
  3 frilled lizards
  3 rats
46 creatures vanquished.
